 Dungeon Crawl Stone Soup version 0.18-a0-1763-g7aac3cf (webtiles) character file.

230 Geeful the Skirmisher (level 6, -13/58 HPs)
             Began as a Kobold Berserker on Apr 13, 2016.
             Was a Priest of Trog.
             Mangled by an ogre
             ... wielding a +0 giant spiked club
              (32 damage)
             ... on level 6 of the Dungeon.
             The game lasted 01:12:26 (2575 turns).

Geeful the Skirmisher (Kobold Berserker)            Turns: 2575, Time: 01:12:27

Health: -13/58     AC:  7    Str: 23    XL:     6   Next: 24%
Magic:  6/6        EV: 14    Int:  5    God:    Trog [***...]
Gold:   101        SH:  0    Dex: 15    Spells: 0 memorised, 5 levels left

rFire  . . .     SeeInvis .     p - +1 flail
rCold  . . .     Gourm    .     h - +0 scale mail
rNeg   . . .     Faith    .     (shield restricted)
rPois  .         Spirit   .     (no helmet)
rElec  .         Dismiss  .     s - +0 cloak
rCorr  .         Reflect  .     (no gloves)
SustAt .         Harm     .     (no boots)
MR     .....                    (no amulet)
Stlth  ..........               (no ring)
                                (no ring)

@: berserking, very quick, not resistant to hostile enchantments, extremely
unstealthy
A: carnivore 3
a: Berserk, Trog's Hand, Burn Spellbooks, Renounce Religion


You were on level 6 of the Dungeon.
You worshipped Trog.
Trog was most pleased with you.
You were very full.

You visited 1 branch of the dungeon, and saw 4 of its levels.

You collected 101 gold pieces.

Inventory:

Hand Weapons
 p - a +1 flail (weapon)
Missiles
 a - 3 curare-tipped needles
Armour
 h - a +0 scale mail (worn)
 o - a +0 plate armour
 s - a +0 cloak (worn)
Scrolls
 f - a scroll of enchant weapon
 m - a scroll of fog
Potions
 b - a potion of resistance {unknown}
 d - a potion of heal wounds {unknown}
 e - a potion of beneficial mutation {unknown}
 g - a potion of mutation {unknown}
 i - 2 potions of curing {unknown}
 k - a potion of agility {unknown}
 n - a potion of berserk rage {unknown}
 q - a potion of might {unknown}
Comestibles
 c - a meat ration
 j - a chunk of flesh
 t - a slice of pizza


   Skills:
 + Level 4.7 Fighting
 + Level 4.0 Maces & Flails
 + Level 2.6 Armour
 + Level 4.2 Dodging


You had 5 spell levels left.
You didn't know any spells.

Dungeon Overview and Level Annotations

Branches:
Dungeon (3/15)

Altars:
Ashenzari
Elyvilon


Innate Abilities, Weirdness & Mutations

You are small and have problems with some larger weapons.
You are carnivorous and can eat meat at any time.


Message History

You continue eating. x2
Found 17 gold pieces.
You feel less exhausted.
Found 23 stones.
You now have 101 gold pieces (gained 17).
k - a purple potion
Found a stone staircase leading down.
An ogre comes into view. It is wielding a giant spiked club.
The ogre shouts!
A red film seems to cover your vision as you go berserk!
You feel yourself moving faster!
You feel mighty!
You sock the ogre!
The ogre is heavily wounded.
You hear the slow hiss of a distant avalanche of sand.
The ogre hits you with a giant spiked club!!
You sock the ogre!
The ogre is almost dead.
The ogre hits you with a giant spiked club!!
Ouch! That really hurt!
You die...

##........#
##.........#
#..........#####.
#.................
#..............#
##..........(#..
#...........# #
##..........#
##.....@O..##
##.........#
##..##....# ###
#....## #.....#
#.....# #.....#
#......# #......#


You could see an ogre.

Vanquished Creatures
  A giant frog (D:6)
  A scorpion (D:6)
  4 adders
  2 oozes
  4 worms
  2 dart slugs
  4 bats
  A giant cockroach (D:3)
  7 goblins
  12 hobgoblins
  11 jackals
  2 kobolds
  A quokka (D:2)
  2 giant newts
  9 rats
63 creatures vanquished.

Notes
Turn   | Place    | Note
--------------------------------------------------------------
     0 | D:1      | Geeful the Kobold Berserker began the quest for the Orb.
     0 | D:1      | Reached XP level 1. HP: 14/14 MP: 1/1
   161 | D:1      | Reached XP level 2. HP: 19/19 MP: 2/2
   438 | D:1      | Reached XP level 3. HP: 17/23 MP: 3/3
   527 | D:1      | Reached ** piety under Trog
  1192 | D:2      | Reached XP level 4. HP: 29/29 MP: 4/4
  1599 | D:2      | Found a shattered altar of Ashenzari.
  2124 | D:3      | Reached XP level 5. HP: 32/33 MP: 5/5
  2481 | D:3      | You fall through a shaft for 3 floors!
  2481 | D:6      | Found a white marble altar of Elyvilon.
  2522 | D:6      | Noticed a giant frog
  2529 | D:6      | Killed a giant frog
  2529 | D:6      | Reached *** piety under Trog
  2529 | D:6      | Reached XP level 6. HP: 22/39 MP: 6/6
  2563 | D:6      | Noticed an ogre
  2575 | D:6      | Mangled by an ogre

Vault maps used:
D:1:      matt_arrival_los_fun
D:2:      ashenzari_altar_1
D:3:      first_bread
D:6:      elyvilon_altar_5, minmay_temple_entry_glass,
          nicolae_ossuary_entry_catacombs

Skill      XL: |  1  2  3  4  5 |
---------------+----------------+-----
Dodging        | 3 4 |  4.2
Armour         | 2 |  2.6
Fighting       | 4 |  4.7
Maces & Flails | 4 |  4.0

Action                   |  1- 3 |  4- 6 || total
-------------------------+-------+-------++-------
Melee: Mace              |   115 |    51 ||   166
       Flail             |       |    74 ||    74
Invok: Berserk           |     5 |     3 ||     8
  Use: Scroll            |       |     4 ||     4
  Eat: Chunk             |    12 |     9 ||    21
Armor: Animal skin       |     4 |       ||     4
       Scale mail        |    31 |    39 ||    70
Dodge: Dodged            |    85 |    85 ||   170
